 Dungeon Crawl Stone Soup version 0.32-a0-422-g28b100f618 (webtiles) character file.

Game seed: 12917358727552919538

7604 zeratav the Mimic (level 11, -2/80 HPs)
             Began as an Octopode Shapeshifter on Feb 21, 2024.
             Was an Initiate of Gozag.
             Slain by Harold
             ... wielding a +0 halberd
              (21 damage)
             ... on level 9 of the Dungeon.
             The game lasted 00:15:19 (9711 turns).

zeratav the Mimic (Octopode Shapeshifter)           Turns: 9711, Time: 00:15:19

Health: -2/80      AC:  1    Str: 17 (18) XL:     11   Next: 17%
Magic:  0/20       EV: 20    Int: 12      God:    Gozag
Gold:   823        SH:  0    Dex: 12      Spells: 10/10 levels left

rFire   + . .        n - melded +1 short sword (venom) {short}
rCold   . . .        (shield currently unavailable)
rNeg    . . .        (helmet restricted)
rPois   .            l - amulet of guardian spirit
rElec   .            u - ring of willpower
rCorr   .            m - ring "Zonkineh" {Will+ MP+9}
SInv    .            E - ring of protection from fire
Will    ++...        (no ring)
Stlth   ++           (no ring)
HPRegen 0.33/turn    (no ring)
MPRegen 0.17/turn    (no ring)
                     (no ring)

%: guardian spirit
@: flux-form, glowing
A: glow, contaminating, almost no armour, amphibious, 8 rings, camouflage 1,
gelatinous body 1, (nimble swimmer 1), tentacles
a: Begin Untransformation, Renounce Religion, Potion Petition, Call Merchant,
Bribe Branch


You were on level 9 of the Dungeon.
You worshipped Gozag.
Gozag was pleased with you.
You were something dangerously unstable.
You visited 2 branches of the dungeon, and saw 10 of its levels.

You collected 941 gold pieces.
You paid 118 gold pieces to Gozag.


Innate Abilities, Weirdness & Mutations

You are something dangerously unstable.
You glow with magical radiation, making you easy to see and hit.
Foes you strike become dangerously contaminated with magical radiation.
You are incapable of wielding weapons or throwing items.
You cannot wear most types of armour.
You are amphibious.
You can wear up to eight rings at the same time.
Your skin changes colour to match your surroundings (Stealth+).
Your rubbery body absorbs attacks. (AC +1, EV +1)
((You are camouflaged when in or above water. (Stealth+)))
You have tentacles for arms and can constrict up to eight enemies at once.


   Skills:
 + Level 9.2 Fighting
 - Level 8.0 Dodging
 - Level 5.0 Stealth
 - Level 6.0 Unarmed Combat
 - Level 10.0 Shapeshifting


You had 10 spell levels left.
You didn't know any spells.
Your spell library contained the following spells:

 Spells                   Type           Power      Damage    Failure   Level
 Blink                    Tloc           0%         N/A       45%         2
 Ensorcelled Hibernation  Hex/Ice        0%         N/A       45%         2
 Lesser Beckoning         Tloc           0%         N/A       45%         2
 Mercury Vapours          Alch/Air       0%         N/A       45%         2
 Momentum Strike          Conj/Tloc      0%         3d8       45%         2
 Fugue of the Fallen      Necr           0%         N/A       69%         3
 Mephitic Cloud           Conj/Alch/Air  0%         N/A       69%         3
 Anguish                  Hex/Necr       0%         N/A       97%         4
 Freezing Cloud           Conj/Ice/Air   0%         6-21      100%        5
 Chain Lightning          Conj/Air       0%         N/A       100%        9
 Fire Storm               Conj/Fire      0%         5d1       100%        9
 Shatter                  Erth           0%         3d5*      100%        9

Inventory:

Hand Weapons
 n - a +1 short sword of venom (melded) {short}
   (You took it off a kobold on level 2 of the Dungeon)
Jewellery
 a - a ring of fire
   (You found it on level 3 of the Dungeon)
 f - a ring of flight
   (You found it on level 8 of the Dungeon)
 l - an amulet of guardian spirit (around mantle)
   (You found it on level 2 of the Dungeon)
 m - the ring "Zonkineh" (right tentacle) {Will+ MP+9}
   (You found it on level 2 of the Dungeon)

   [ring of magical power]

   Will+:     It increases your willpower.
   MP+9:      It affects your magic capacity (+9).
 u - a ring of willpower (left tentacle)
   (You found it on level 4 of the Dungeon)
 E - a ring of protection from fire (on tentacle)
   (You took it off a centaur on level 8 of the Dungeon)
Talismans
 b - a beast talisman
 c - a flux talisman (active)
 D - a serpent talisman
   (You found it on level 8 of the Dungeon)
Wands
 r - a wand of flame (8) (quivered)
   (You found it on level 8 of the Dungeon)
 s - a wand of charming (8)
   (You took it off Ijyb on level 3 of the Dungeon)
 y - a wand of roots (5)
   (You took it off an orc on level 4 of the Dungeon)
 B - a wand of light (13)
   (You found it on level 5 of the Dungeon)
Scrolls
 d - 3 scrolls of vulnerability {!r!r}
 g - 3 scrolls of immolation {!r!r}
 i - a scroll of fear
 t - a scroll of poison {!r}
 v - a scroll of blinking {!r}
 x - 2 scrolls of fog
 z - 3 scrolls of amnesia
 F - a scroll of identify {@r1}
Potions
 e - a potion of brilliance {unknown}
 h - a potion of resistance {unknown}
 j - 2 potions of attraction {unknown}
 k - 4 potions of curing {@q1}
 o - 2 potions of magic {unknown}
 p - a potion of enlightenment {unknown}
 q - a potion of might {unknown}
 w - a potion of haste {unknown}
 A - a potion of berserk rage {unknown}
 C - a potion of lignification {!q}

Dungeon Overview and Level Annotations

Branches:
Dungeon (9/15) Zot: 26356  Temple (1/1) D:7 Zot: 5827
   Lair: D:8-11         Orc: D:9-12

Altars:
Ashenzari
Cheibriados
Dithmenos
Elyvilon
Fedhas
Gozag
Hepliaklqana
Kikubaaqudgha
Makhleb
Nemelex Xobeh
Okawaru
Qazlal
Ru
Sif Muna
Trog
Uskayaw
Vehumet
Wu Jian
Xom
Yredelemnul
Zin
The Shining One
Lugonu

Portals:
Abyss: D:3

Annotations:
D:3 2 runed translucent doors
D:9 Harold

#.# #...# .#
###.# .# #.#
#.# #.# #.#
#.# ####.#
#.# .....#
#.# ###..#
#.# #..# #p#
##..# #@#
#.#.# #.#
###.########
#.#
#...........
...
#.#.###.####
###
#.#.###.###
..#........
......#.###


You could see Harold.


Message History

A hornet comes into view.
You barely miss the yak. The yak completely misses you.
You tentacle-slap the yak.
The yak begins to glow.
The yak barely misses you.
You tentacle-slap the yak but do no damage.
The yak glows dangerously bright.
You squeeze the yak. The yak barely misses you.
You tentacle-slap the yak.
The yak shudders as magic cascades through it!!
The yak twists and deforms.
You squeeze the yak, but do no damage.
You tentacle-slap the yak but do no damage.
The yak begins to glow.
You squeeze the yak. You tentacle-slap the yak.
The yak glows dangerously bright.
You squeeze the yak. The yak misses you.
You tentacle-slap the yak.
The yak shudders as magic cascades through it!!
You kill the yak!
Your Fighting skill increases to level 9!
HP[+2]
You now have 80 max hp (+2).
Your hp is fully restored (80).
The yak barely misses you.
You see here 16 gold pieces.
Aiming: Bolt of Light
Press: ? - help, Q - select action, (/) - cycle Shift-Dir - straight line, f - hornet
Aim: a hornet (57% to hit)
The bolt of light hits the yak!
You kill the yak!
The bolt of light hits the yak!!
The yak is blinded.
The bolt of light misses the hornet.
Aiming: Bolt of Light
Press: ? - help, Q - select action, (/) - cycle Shift-Dir - straight line, f/p - hornet
Aim: a hornet (57% to hit)
The bolt of light hits the yak!
The bolt of light hits the hornet!
The hornet is blinded.
The yak completely misses you.
You tentacle-slap the yak.
The yak begins to glow.
You squeeze the yak. The yak barely misses you.
You tentacle-slap the yak.
The yak glows dangerously bright.
You squeeze the yak.
You kill the yak!
You feel your strength returning.
You start waiting.
Done waiting.
You now have 791 gold pieces (gained 16).
You now have enough gold to fund merchants seeking to open stores in the dungeon.
You now have 816 gold pieces (gained 25).
You now have 823 gold pieces (gained 7).
You see here a +2 demon trident of electrocution {polearm}.
Harold the Weathered comes into view.
He is wielding a +0 halberd and quivering a throwing net.
Aiming: Throw Flame
Press: ? - help, Q - select action, (/) - cycle Shift-Dir - straight line, f - Harold
Aim: Harold, wielding a +0 halberd, wearing a +0 chain mail and quivering a throwing net (asleep, 100% to hit)
The puff of flame hits Harold but does no damage.
Harold shouts!
Aiming: Throw Flame
Press: ? - help, Q - select action, (/) - cycle Shift-Dir - straight line, f/p - Harold
Aim: Harold, wielding a +0 halberd, wearing a +0 chain mail and quivering a throwing net (85% to hit)
The puff of flame hits Harold but does no damage.
Aiming: Throw Flame
Press: ? - help, Q - select action, (/) - cycle Shift-Dir - straight line, f/p - Harold
Aim: Harold, wielding a +0 halberd, wearing a +0 chain mail and quivering a throwing net (85% to hit)
The puff of flame hits Harold but does no damage.
Harold throws a throwing net.
The throwing net hits you.
You become entangled in the net!
Aiming: Throw Flame
Press: ? - help, Q - select action, (/) - cycle Shift-Dir - straight line, f/p - Harold
Aim: Harold, wielding a +0 halberd and wearing a +0 chain mail (85% to hit)
The puff of flame hits Harold.
Unknown command.
You struggle against the net.
Harold says, "This is so exciting!
What a great way to end my career!"
Harold hits you from afar with a +0 halberd!
HP[-10] MP[-3]
You take 10 damage, and now have 70/80 hp.
You lost 3 mp, and now have 17/20 mp.
You struggle against the net.
Harold hits you from afar with a +0 halberd!!
HP[-13] MP[-4]
You take 13 damage, and now have 57/80 hp.
You lost 4 mp, and now have 13/20 mp.
Unknown command.
You struggle against the net.
Harold hits you from afar with a +0 halberd!!
* * * LOW HITPOINT WARNING * * *
HP[-17] MP[-4]
You take 17 damage, and now have 40/80 hp.
MASSIVE DAMAGE!! (PAUSE)
You lost 4 mp, and now have 9/20 mp.
You rip the net and break free!
Harold barely misses you. Harold hits you with a +0 halberd!!
* * * LOW HITPOINT WARNING * * *
HP[-21] MP[-4]
You take 21 damage, and now have 19/80 hp.
MASSIVE DAMAGE!! (PAUSE)
You lost 4 mp, and now have 5/20 mp.
You barely miss Harold. You grab Harold.
You constrict Harold, but do no damage. Harold hits you with a +0 halberd!!
You die...
Harold sighs, "Nothing for old Harold but model-building after this."
Your body crumbles into a pile of gold.

Skill      XL: |  1  2  3  4  5  6  7  8  9 10 11 |
---------------+----------------------------------+-----
Stealth        | 2 3 5 |  5.0
Fighting       | 2 3 4 5 8 9 |  9.2
Shapeshifting  | 4 5 6 9 10 | 10.0
Dodging        | 5 8 |  8.0
Unarmed Combat | 5 6 |  6.0

Action                     |  1- 3 |  4- 6 |  7- 9 | 10-12 || total
---------------------------+-------+-------+-------+-------++-------
  Melee: Unarmed           |    50 |    18 |   187 |   225 ||   480
         Constrict         |    16 |    17 |    49 |    49 ||   131
         Tentacles         |    11 |    19 |    71 |    80 ||   181
         Short sword       |       |    73 |    60 |       ||   133
         Punch             |       |     1 |       |       ||     1
  Evoke: Wand              |       |       |       |     7 ||     7
    Use: Potion            |       |     1 |       |     2 ||     3
         Scroll            |       |       |    10 |     5 ||    15
   Stab: Sleeping          |     9 |     9 |     4 |     1 ||    23
         Distracted        |       |       |     1 |     4 ||     5
 Armour: Skin              |    12 |    34 |   115 |   102 ||   263
  Dodge: Dodged            |    26 |    29 |   176 |   201 ||   432
   Form: Flux              |       |       |     1 |       ||     1

Levels and vault maps discovered:
D:1:      eino_arrival_druids_welcome, layout_rooms, minmay_tall_x
D:2:      layout_basic, kennysheep_generic_room_16, uniq_terence
D:3:      due_chaos_kobolds, layout_basic, cheibrodos_ashenzari_chains,
          uniq_ijyb, uniq_sigmund
D:4:      layout_basic, minmay_misc_feat_alley, uniq_blork_the_orc
D:5:      layout_loops_ring, kennysheep_opposing_triangles, uniq_grinder,
          uniq_duvessa
D:6:      layout_gridville, lemuel_doored_altar,
          mainiacjoe_overflow_surrounded_room, lemuel_tele_altar,
          nicolae_tso_swordbearing_angel, solitary_fountain
D:7:      nzn_winding_woodlands_small [nzn_winding_woodlands_5x15_garden,
          nzn_winding_woodlands_center_pierced_h,
          nzn_winding_woodlands_5x15_pockets], layout_loops_ring, zin_academy,
          lemuel_zombie_altar_yredelemnul, temple_pool_b, uniq_maggie
D:8:      layout_rooms, kennysheep_little_box
D:9:      layout_loops_ring, uniq_grum, uniq_harold
Temple:   eino_narrow_crystal_temple

Notes
Turn   | Place    | Note
-------+----------+-------------------------------------------
     0 | D:1      | zeratav the Octopode Shapeshifter began the quest for the
                  | Orb.
     0 | D:1      | Reached XP level 1. HP: 13/13 MP: 1/1
     0 | D:1      | magus.rc [v1.9.6]
    22 | D:1      | Reached skill level 1 in Stealth
    29 | D:1      | Reached skill level 2 in Stealth
    31 | D:1      | Reached XP level 2. HP: 16/18 MP: 2/2
    63 | D:1      | Reached skill level 3 in Stealth
    71 | D:1      | Reached XP level 3. HP: 11/23 MP: 3/3
   156 | D:1      | Reached skill level 4 in Stealth
   561 | D:1      | Reached skill level 5 in Stealth
   664 | D:2      | You pick up a book of Annihilations and begin reading...
   664 | D:2      | You add the spells Chain Lightning, Fire Storm and Shatter
                  | to your library.
   674 | D:2      | Reached XP level 4. HP: 28/28 MP: 4/4
   704 | D:2      | Noticed Terence
  1007 | D:2      | Identified the ring "Zonkineh" {Will+ MP+9}
  1275 | D:2      | Killed Terence
  1276 | D:2      | Reached skill level 2 in Fighting
  1276 | D:2      | Reached XP level 5. HP: 21/34 MP: 2/5
  1374 | D:3      | Noticed Sigmund
  1436 | D:3      | Killed Sigmund
  1437 | D:3      | Reached skill level 3 in Fighting
  1437 | D:3      | Reached skill level 4 in Shapeshifting
  1437 | D:3      | Reached XP level 6. HP: 42/42 MP: 4/6
  1884 | D:3      | Found a broken altar of Ashenzari.
  1947 | D:3      | Found a one-way gate to the infinite horrors of the Abyss.
  2100 | D:3      | Found a large runed translucent door.
  2100 | D:3      | Found a large runed translucent door.
  2104 | D:3      | Found a corrupted altar of Lugonu.
  2230 | D:3      | Noticed Ijyb
  2239 | D:3      | Killed Ijyb
  2545 | D:4      | Reached skill level 4 in Fighting
  2714 | D:4      | Reached skill level 5 in Shapeshifting
  2714 | D:4      | Reached XP level 7. HP: 40/49 MP: 7/7
  2828 | D:4      | Noticed Blork the orc
  2844 | D:4      | Killed Blork the orc
  3398 | D:5      | Entered Level 5 of the Dungeon
  3412 | D:5      | Reached skill level 5 in Fighting
  3446 | D:5      | Noticed Duvessa
  3480 | D:5      | Reached skill level 6 in Shapeshifting
  3599 | D:5      | Reached XP level 8. HP: 44/55 MP: 8/8
  3637 | D:5      | Killed Duvessa
  3677 | D:5      | Noticed Dowan
  3683 | D:5      | Killed Dowan
  3684 | D:5      | Reached skill level 7 in Shapeshifting
  4426 | D:5      | Reached skill level 8 in Shapeshifting
  4711 | D:5      | Noticed Grinder
  4718 | D:5      | Killed Grinder
  4723 | D:5      | You pick up a book of Vapours and begin reading...
  4723 | D:5      | You add the spells Mercury Vapours, Mephitic Cloud and
                  | Freezing Cloud to your library.
  4995 | D:6      | Found an ornate altar of the Wu Jian Council.
  5009 | D:6      | Reached skill level 9 in Shapeshifting
  5009 | D:6      | Reached XP level 9. HP: 48/61 MP: 9/9
  5083 | D:6      | Found a radiant altar of Vehumet.
  5515 | D:6      | Reached skill level 10 in Shapeshifting
  5723 | D:6      | Reached skill level 3 in Dodging
  5786 | D:6      | Found a stormy altar of Qazlal.
  5835 | D:6      | Reached skill level 4 in Unarmed Combat
  6062 | D:6      | Found a glowing golden altar of the Shining One.
  6204 | D:7      | Reached skill level 4 in Dodging
  6328 | D:7      | Reached skill level 5 in Unarmed Combat
  6414 | D:7      | Reached skill level 5 in Dodging
  6513 | D:7      | Reached XP level 10. HP: 43/66 MP: 10/10
  6698 | D:7      | Noticed Maggie
  6779 | D:7      | Reached skill level 6 in Unarmed Combat
  6785 | D:7      | Reached skill level 6 in Dodging
  6796 | D:7      | HP: 16/66 [Maggie/+1 heavy long sword (6)]
  6797 | D:7      | Found a staircase to the Ecumenical Temple.
  6801 | Temple   | Entered the Ecumenical Temple
  6965 | Temple   | Became a worshipper of Gozag Ym Sagoz the Greedy
  7013 | D:7      | Noticed a cyan ugly thing
  7026 | D:7      | Killed a cyan ugly thing
  7027 | D:7      | Reached skill level 7 in Dodging
  7035 | D:7      | Noticed an unseen horror
  7038 | D:7      | Killed an unseen horror
  7049 | D:7      | HP: 16/66 [poisoned by a killer bee]
  7275 | D:7      | Killed Maggie
  7276 | D:7      | Reached skill level 6 in Fighting
  7494 | D:7      | You pick up a book of Spatial Translocations and begin
                  | reading...
  7494 | D:7      | You add the spells Blink, Momentum Strike and Lesser
                  | Beckoning to your library.
  7723 | D:7      | Found a glowing silver altar of Zin.
  7736 | D:7      | Reached skill level 8 in Dodging
  7961 | D:7      | You pick up a book of Dreams and begin reading...
  7961 | D:7      | You add the spells Ensorcelled Hibernation, Fugue of the
                  | Fallen and Anguish to your library.
  7962 | D:7      | Found a basalt altar of Yredelemnul.
  8196 | D:8      | Reached skill level 7 in Fighting
  8414 | D:8      | HP: 17/71 [gnoll/+0 spear[a gnoll sergeant] (4)]
  8834 | D:8      | Found a white marble altar of Elyvilon.
  8922 | D:8      | Reached skill level 8 in Fighting
  8922 | D:8      | Reached XP level 11. HP: 67/77 MP: 11/11
  9098 | D:9      | Noticed Grum
  9124 | D:9      | Killed Grum
  9126 | D:9      | HP: 18/78 [centaur (2)]
  9558 | D:9      | Reached skill level 9 in Fighting
  9699 | D:9      | Noticed Harold
  9710 | D:9      | HP: 19/80 [Harold/+0 halberd (22)]
  9711 | D:9      | Slain by Harold

Vanquished Creatures
  An ugly thing (D:7)
  An unseen horror (D:7)
  Maggie (D:7)
  Grinder (D:5)
  Sigmund (D:3)
  A wraith (D:7)
  3 yaks (D:9)
  Grum (D:9)
  3 steam dragons
  A vampire mosquito (D:7)
  Duvessa (D:5)
  2 water moccasins (D:7)
  4 orc warriors
  5 sky beasts
  4 black bears (D:7)
  5 ice beasts
  2 wolves (D:9)
  4 ogres
  5 centaurs
  2 phantoms (D:6)
  Blork the orc (D:4)
  A kobold brigand (D:8)
  3 bullfrogs (D:7)
  5 scorpions
  2 gnoll sergeants
  Dowan (D:5)
  3 killer bees (D:7)
  4 bombardier beetles
  A centaur zombie (D:7)
  3 hounds (D:5)
  3 jellies
  7 orc priests
  A sleepcap (D:5)
  Terence (D:2)
  3 iguanas
  Ijyb (D:3)
  A killer bee zombie (D:7)
  7 gnolls
  9 adders
  2 shadow imps (D:7)
  A white imp (D:7)
  5 ufetubi
  4 dart slugs
  2 ribbon worms
  28 orcs
  8 ball pythons
  7 bats
  3 endoplasms
  3 giant cockroaches
  8 goblins
  7 hobgoblins
  2 jackals (D:1)
  3 quokkas
  A frilled lizard (D:1)
  13 kobolds
  6 rats
208 creatures vanquished.

Vanquished Creatures (others)
  An orc (D:8)
1 creature vanquished.

Grand Total: 209 creatures vanquished

Table legend:
 A = Non-vault XP
 B = Vault XP
 C = Vault XP percentage of total XP
 D = Non-vault monster count
 E = Vault monster count
 F = Vault count percentage of total count
                 A         B        C        D         E       F
            +---------+---------+-------+---------+---------+-------
      Total |    6633 |    4231 |  38.9 |     167 |      42 |  20.1
            +---------+---------+-------+---------+---------+-------
        D:1 |      67 |      11 |  14.1 |      25 |       4 |  13.8
        D:2 |      52 |      57 |  52.3 |      14 |       5 |  26.3
        D:3 |      59 |     268 |  82.0 |      16 |       2 |  11.1
        D:4 |     305 |     100 |  24.7 |      13 |       1 |   7.1
        D:5 |     574 |     712 |  55.4 |      20 |       7 |  25.9
        D:6 |    1727 |       0 |   0.0 |      27 |       0 |   0.0
        D:7 |    1330 |    2651 |  66.6 |      18 |      20 |  52.6
        D:8 |    1389 |       0 |   0.0 |      21 |       0 |   0.0
        D:9 |    1130 |     432 |  27.7 |      13 |       3 |  18.8
            +---------+---------+-------+---------+---------+-------

Skill      XL: |  1  2  3  4  5  6  7  8  9 10 11 |
---------------+----------------------------------+-----
Stealth        | 2 3 5 |  5.0
Fighting       | 2 3 4 5 8 9 |  9.2
Shapeshifting  | 4 5 6 9 10 | 10.0
Dodging        | 5 8 |  8.0
Unarmed Combat | 5 6 |  6.0

Action                     |  1- 3 |  4- 6 |  7- 9 | 10-12 || total
---------------------------+-------+-------+-------+-------++-------
  Melee: Unarmed           |    50 |    18 |   187 |   225 ||   480
         Constrict         |    16 |    17 |    49 |    49 ||   131
         Tentacles         |    11 |    19 |    71 |    80 ||   181
         Short sword       |       |    73 |    60 |       ||   133
         Punch             |       |     1 |       |       ||     1
  Evoke: Wand              |       |       |       |     7 ||     7
    Use: Potion            |       |     1 |       |     2 ||     3
         Scroll            |       |       |    10 |     5 ||    15
   Stab: Sleeping          |     9 |     9 |     4 |     1 ||    23
         Distracted        |       |       |     1 |     4 ||     5
 Armour: Skin              |    12 |    34 |   115 |   102 ||   263
  Dodge: Dodged            |    26 |    29 |   176 |   201 ||   432
   Form: Flux              |       |       |     1 |       ||     1

Illustrated notes

Table legend:
 A = Kills in this place as a percentage of kills in the entire game.
 B = Kills by you in this place as a percentage of kills by you in the entire game.
 C = Kills by friends in this place as a percentage of kills by friends in the entire game.
 D = Other kills in this place as a percentage of other kills in the entire game.
 E = Experience gained in this place as a percentage of experience gained in the entire game.
 F = Experience gained in this place divided by the number of levels of this place that you have seen.
                   A       B       C       D       E      F
               +-------+-------+-------+-------+-------+----------------------
         Total | 100.0 | 100.0 |   N/A | 100.0 | 100.0 | 1086.4
       Dungeon | 100.0 | 100.0 |   N/A | 100.0 | 100.0 | 1207.1
               +-------+-------+-------+-------+-------+----------------------

Table legend: (Time is in decaauts)
 A = Elapsed time spent in this place.
 B = Non-inter-level travel time spent in this place.
 C = Inter-level travel time spent in this place.
 D = Time resting spent in this place.
 E = Time spent auto-exploring this place.
 F = Levels seen in this place.
 G = Mean time per level.
                   A        B        C        D        E       F      G
               +--------+--------+--------+--------+--------+-----+--------+
         Total |   9673 |   9465 |    208 |   1702 |   6105 |  10 |  967.3 |
       Dungeon |   9500 |   9307 |    193 |   1546 |   6105 |   9 | 1055.6 |
        Temple |    172 |    157 |     15 |    156 |      0 |   1 |  172.0 |
               +--------+--------+--------+--------+--------+-----+--------+

Top non-repeatable levels by time:
     D:7: 1740 daAuts
     D:5: 1438 daAuts
     D:6: 1346 daAuts
     D:3: 1162 daAuts
     D:8: 940 daAuts
     D:4: 887 daAuts
     D:2: 688 daAuts
     D:1: 653 daAuts
     D:9: 642 daAuts
  Temple: 172 daAuts
